 Dungeon Crawl Stone Soup version 0.23-a0-49-gd9f7a49 (webtiles) character file.

13379 galech the Protected (level 11, -5/101 HPs)
             Began as a Minotaur Fighter on Aug 6, 2018.
             Was a High Priest of Makhleb.
             Slain by a red devil
             ... wielding a +0 trident
             ... summoned by an orc sorcerer
              (14 damage)
             ... on level 1 of the Orcish Mines.
             The game lasted 00:15:15 (8936 turns).

galech the Protected (Minotaur Fighter)             Turns: 8936, Time: 00:15:16

Health: -5/101     AC: 10    Str: 26    XL:     11   Next: 74%
Magic:  15/15      EV: 25    Int:  5    God:    Makhleb [*****.]
Gold:   582        SH: 13    Dex: 12    Spells: 10/10 levels left

rFire    . . .     SeeInvis .   F - +4 hand axe (freeze)
rCold    . . .     Gourm    .   c - +0 shield
rNeg     + + .     Faith    .   E - +1 ring mail {rC+}
rPois    +         Spirit   .   (helmet restricted)
rElec    +         Reflect  .   L - +0 cloak "Ulea" {rC- rN++ Str+4 Slay+3} (curse)
rCorr    .         Harm     .   (no gloves)
MR       .....                  v - +0 pair of boots "Loacog" {rElec rPois Slay+6} (curse)
Stlth    +.........             K - amulet of the acrobat
HPRegen  0.26/turn              h - +5 ring of protection
MPRegen  0.14/turn              t - +2 ring of protection

@: about to teleport, corroded, drained
A: retaliatory headbutt, horns 2
a: Minor Destruction, Lesser Servant of Makhleb, Major Destruction, Greater
Servant of Makhleb, Renounce Religion


You were on level 1 of the Orcish Mines.
You worshipped Makhleb.
Makhleb was extremely pleased with you.
You were not hungry.

You visited 3 branches of the dungeon, and saw 13 of its levels.
You also visited: Ossuary.

You collected 905 gold pieces.
You spent 323 gold pieces at shops.

Inventory:

Hand Weapons
 a - a +0 war axe
 F - a +4 hand axe of freezing (weapon)
Armour
 c - a +0 shield (worn)
 v - the cursed +0 pair of boots "Loacog" (worn) {rElec rPois Slay+6}
   (You found it on level 5 of the Dungeon)

   It affects your accuracy and damage with ranged weapons and melee attacks
   (+6).
   It insulates you from electricity.
   It protects you from poison.
   It has a curse placed upon it.
 D - a +0 plate armour
 E - a +1 ring mail of cold resistance (worn)
 L - the cursed +0 cloak "Ulea" (worn) {rC- rN++ Str+4 Slay+3}
   (You bought it in a shop on level 9 of the Dungeon)

   It affects your strength (+4).
   It affects your accuracy and damage with ranged weapons and melee attacks
   (+3).
   It makes you vulnerable to cold.
   It greatly protects you from negative energy.
   It has a curse placed upon it.
Jewellery
 b - a +3 ring of intelligence
 h - a +5 ring of protection (left hand)
 t - a +2 ring of protection (right hand)
 K - an amulet of the acrobat (around neck)
Wands
 l - a wand of iceblast (12)
 B - a wand of polymorph (12)
 H - a wand of flame (18)
Scrolls
 e - 6 scrolls of remove curse
 i - 11 scrolls of teleportation
 j - a scroll of magic mapping
 p - 3 scrolls of immolation
 r - 2 scrolls of enchant weapon
 s - 3 scrolls of identify
 y - 3 scrolls of noise {unknown}
 A - a scroll of fear {unknown}
 C - a scroll of fog {unknown}
 G - a scroll of amnesia {unknown}
Potions
 d - 2 potions of might
 g - 5 potions of haste {unknown}
 k - 3 potions of ambrosia {unknown}
 m - 4 potions of heal wounds {unknown}
 n - a potion of berserk rage {unknown}
 o - 4 potions of mutation {unknown}
 q - 5 potions of lignification {unknown}
 u - 5 potions of curing
 w - a potion of brilliance {unknown}
 x - a potion of agility {unknown}
 z - 3 potions of degeneration {unknown}
Comestibles
 f - 22 rations
 I - 5 chunks of flesh


   Skills:
 + Level 10.6(10.4) Fighting
 + Level 10.9(10.8) Axes
 + Level 10.9(10.8) Armour
 - Level 1.0(0.9) Dodging
 - Level 0.7(0.6) Stealth
 + Level 10.9(10.8) Shields
 + Level 7.8(7.7) Invocations


You had 10 spell levels left.
You didn't know any spells.
Your spell library contained the following spells:

 Spells                   Type           Power        Failure   Level  Hunger
 Confuse                  Hex            #.......     98%         3    ####...
 Tukima's Dance           Hex            #.......     98%         3    ####...
 Ensorcelled Hibernation  Hex/Ice        #.....       88%         2    ###....
 Corona                   Hex            #......      77%         1    ##.....
 Dazzling Spray           Conj/Hex       #.....       98%         3    ####...


Dungeon Overview and Level Annotations

Branches:
Dungeon (10/15)            Temple (1/1) D:4            Lair (0/6) D:8
    Orc (2/2) D:9
    Elf: Orc:2

Altars:
Ashenzari
Dithmenos
Fedhas
Gozag
Hepliaklqana
Kikubaaqudgha
Makhleb
Nemelex Xobeh
Okawaru
Ru
Sif Muna
Trog
Uskayaw
Vehumet
Wu Jian
Yredelemnul
The Shining One
Lugonu

Shops:
D:6 [   D:9 [


Innate Abilities, Weirdness & Mutations

You reflexively headbutt those who attack you in melee.
You have a pair of horns on your head.


Message History

You block the rust devil's attack.
As you read the scroll of teleportation, it crumbles to dust.
You feel strangely unstable. You block the sixfirhy's attack.
The sixfirhy closely misses you.
The red devil hits you but does no damage.
The orc priest hits you but does no damage.
The orc sorcerer hits you with a dagger of venom.
* * * LOW HITPOINT WARNING * * *
The sixfirhy hits you.
* * * LOW HITPOINT WARNING * * *
The sixfirhy shocks you. You resist.
* * * LOW HITPOINT WARNING * * *
The rust devil hits you. The rust devil corrodes you!
The sixfirhy hits you but does no damage. x2
The sixfirhy closely misses you. You furiously retaliate!
You headbutt the sixfirhy.
The orc priest invokes the aid of Beogh against you.
You are unaffected.
The red devil hits you from afar with a trident!
You die...

..........## ######
.##).......###.##.##
.#..).......#......###
#)......#............## ###
......................######.##
..............#........##.#...#
..............44รท.............#
#.............o>o......##.##.##
..............[3@....#.#..####
...#.#......#.#............#
....>.....##........[.....##
...........##...........### ####
..........##.#............####.#.
...#......#................##....
............[[)............###...
.#.#......#)#................))).
###......#...)........#.........#


You could see a rust devil, a sixfirhy, an orc sorcerer, a red devil and an orc
priest.

Vanquished Creatures
  Erolcha (D:9)
  Harold (D:9)
  A two-headed ogre (D:9)
  An orc high priest (Orc:1)
  An unseen horror (D:10)
  An orc sorcerer (Orc:1)
  Joseph (D:7)
  A gargoyle (D:10)
  A troll (Orc:1)
  A hippogriff (D:6)
  A shadow (D:10)
  5 yaks (D:9)
  Menkaure (D:6)
  A warg (Orc:2)
  Duvessa (D:7)
  2 hell hounds (D:8)
  2 sky beasts
  3 ice beasts
  2 black bears (D:8)
  17 orc warriors
  A necrophage (D:5)
  10 ogres
  3 phantoms (D:9)
  7 centaurs
  3 big kobolds
  2 bullfrogs
  A wyvern zombie (D:8)
  Dowan (D:7)
  A water moccasin skeleton (D:5)
  3 scorpions
  5 killer bees (D:9)
  5 troll zombies (D:9)
  8 wights
  A howler monkey (D:5)
  2 crimson imps (D:9)
  2 bullfrog zombies
  A quasit (D:8)
  A centaur zombie (Ossuary)
  4 hounds
  3 jellies
  19 orc wizards
  9 orc priests
  Jessica (D:3)
  5 iguanas
  5 worker ants
  A big kobold zombie (Ossuary)
  3 ogre zombies (D:9)
  5 mummies (Ossuary)
  A hound zombie (D:7)
  A howler monkey skeleton (D:4)
  7 adders
  2 shadow imps
  3 oozes
  3 adder skeletons
  3 worms
  4 dart slugs
  3 leopard geckos
  74 orcs
  5 ball pythons
  2 giant cockroaches
  8 goblins
  5 hobgoblins
  3 jackals (D:4)
  16 kobolds
  4 quokkas
  9 bats
  7 frilled lizards
  3 gnoll zombies (Ossuary)
  2 goblin skeletons (D:9)
  7 goblin zombies
  2 hobgoblin zombies (D:9)
  A jackal zombie (D:8)
  3 orc skeletons (D:9)
  14 orc zombies (D:9)
  A quokka skeleton (D:7)
  6 rats
356 creatures vanquished.

Notes
Turn   | Place    | Note
-------+----------+-------------------------------------------
     0 | D:1      | galech the Minotaur Fighter began the quest for the Orb.
     0 | D:1      | Reached XP level 1. HP: 19/19 MP: 0/0
   263 | D:1      | Reached XP level 2. HP: 27/27 MP: 1/1
   693 | D:2      | Reached XP level 3. HP: 33/33 MP: 2/2
  1107 | D:2      | Found a sparkling altar of Nemelex Xobeh.
  1308 | D:3      | Reached XP level 4. HP: 41/41 MP: 3/3
  1621 | D:3      | Found a blossoming altar of Fedhas.
  1833 | D:3      | Noticed Jessica
  1863 | D:3      | Killed Jessica
  1863 | D:3      | Reached XP level 5. HP: 24/47 MP: 4/4
  2010 | D:3      | Found a deep blue altar of Sif Muna.
  2151 | D:4      | Found an ancient bone altar of Kikubaaqudgha.
  2151 | D:4      | Found a sacrificial altar of Ru.
  2151 | D:4      | Found a hazy altar of Hepliaklqana.
  2151 | D:4      | Found a shadowy altar of Dithmenos.
  2151 | D:4      | Noticed an ogre
  2158 | D:4      | Killed an ogre
  2158 | D:4      | Reached skill level 5 in Armour
  2158 | D:4      | Reached skill level 5 in Shields
  2534 | D:4      | Found a shattered altar of Ashenzari.
  2593 | D:4      | Found a staircase to the Ecumenical Temple.
  2615 | Temple   | Entered the Ecumenical Temple
  2635 | Temple   | Became a worshipper of Makhleb the Destroyer
  2804 | D:4      | Reached XP level 6. HP: 46/53 MP: 5/5
  2911 | D:4      | Reached skill level 5 in Axes
  3090 | D:5      | Entered Level 5 of the Dungeon
  3119 | D:5      | Reached skill level 1 in Dodging
  3214 | D:5      | Reached skill level 5 in Fighting
  3214 | D:5      | Reached XP level 7. HP: 54/61 MP: 6/6
  3238 | D:5      | Reached skill level 1 in Invocations
  3568 | D:5      | Found an opulent altar of Gozag.
  3668 | D:5      | Reached * piety under Makhleb
  3776 | D:5      | Reached XP level 8. HP: 59/70 MP: 8/8
  4280 | D:5      | Got a pair of slimy boots
  4286 | D:5      | Identified the cursed +0 pair of boots "Loacog" {rElec rPois Slay+6} (You found it on level 5 of the Dungeon)
  4499 | D:6      | Noticed Menkaure
  4506 | D:6      | Killed Menkaure
  4564 | D:6      | Found a basalt altar of Yredelemnul.
  4631 | D:6      | Found a sand-covered staircase.
  4644 | Ossuary  | Entered an ossuary
  4982 | D:6      | Found Dotzarphe's Armour Shoppe.
  5001 | D:6      | Noticed a hippogriff
  5009 | D:6      | Killed a hippogriff
  5283 | D:7      | Noticed Dowan
  5284 | D:7      | Noticed Duvessa
  5293 | D:7      | Killed Duvessa
  5293 | D:7      | Reached XP level 9. HP: 74/78 MP: 10/10
  5295 | D:7      | Killed Dowan
  5355 | D:7      | Found a sacrificial altar of Ru.
  5442 | D:7      | Noticed Joseph
  5457 | D:7      | Killed Joseph
  5572 | D:7      | Reached ** piety under Makhleb
  5941 | D:8      | Found a bloodstained altar of Trog.
  5969 | D:8      | Found a staircase to the Lair.
  6001 | D:8      | Reached skill level 5 in Invocations
  6375 | D:8      | Reached XP level 10. HP: 88/88 MP: 12/12
  6448 | D:9      | Noticed Harold
  6463 | D:9      | Killed Harold
  6566 | D:9      | Noticed a two-headed ogre
  6575 | D:9      | Killed a two-headed ogre
  6724 | D:9      | Found a staircase to the Orcish Mines.
  6729 | D:9      | Reached *** piety under Makhleb
  6820 | D:9      | Reached **** piety under Makhleb
  7055 | D:9      | Noticed Erolcha
  7059 | D:9      | Killed Erolcha
  7059 | D:9      | Reached skill level 10 in Axes
  7059 | D:9      | Reached skill level 10 in Armour
  7059 | D:9      | Reached skill level 10 in Shields
  7059 | D:9      | Reached XP level 11. HP: 97/97 MP: 13/15
  7098 | D:9      | Found Hasmeser's Antique Armour Shop.
  7112 | D:9      | Bought a fine cloak for 323 gold pieces
  7117 | D:9      | Identified the cursed +0 cloak "Ulea" {rC- rN++ Str+4 Slay+3} (You bought it in a shop on level 9 of the Dungeon)
  7207 | D:10     | Entered Level 10 of the Dungeon
  7289 | D:10     | Killed an unseen horror
  7711 | D:10     | Found an iron altar of Okawaru.
  8072 | Orc:1    | Entered Level 1 of the Orcish Mines
  8080 | Orc:1    | Noticed an orc sorcerer
  8087 | Orc:1    | Killed an orc sorcerer
  8087 | Orc:1    | Reached skill level 10 in Fighting
  8183 | Orc:1    | Reached ***** piety under Makhleb
  8467 | Orc:2    | Entered Level 2 of the Orcish Mines
  8495 | Orc:2    | Noticed an orc high priest
  8499 | Orc:2    | Noticed a sixfirhy
  8500 | Orc:2    | Noticed an orc high priest
  8519 | Orc:1    | HP: 5/101 [orc warrior/short sword (13)]
  8865 | Orc:2    | Noticed an orc sorcerer
  8872 | Orc:1    | Killed an orc high priest
  8925 | Orc:2    | Noticed a soul eater
  8928 | Orc:1    | Paralysed by an orc sorcerer for 5 turns
  8934 | Orc:1    | Noticed a sixfirhy
  8936 | Orc:1    | Slain by a red devil

Vault maps used:
D:1:      arrival_zaba_pyramid, hangedman_decor_opposing
D:2:      nemelex_xobeh_ov_fountains_minmay, first_ration
D:3:      tgw_sif, overflow_temple_1_default, hex_large
D:4:      chequers_temple_overflow_statue_of_worship, minmay_temple_entry_trees,
          nicolae_ashenzari_panopticon
D:5:      minmay_opposing_rooms, grunt_gozag_statues
D:6:      lemuel_coloured_pillars_altar, nicolae_ossuary_entry_false_entrances,
          serial_shops, shop_statue, uniq_menkaure
D:7:      grunt_ogre_cave, serial_park_tiny_1, nicolae_ru_awakened_eye,
          uniq_duvessa, uniq_joseph
D:8:      trog_ov_bears_minmay, minmay_lair_entry_lava
D:9:      zombieorc2_lemuel, serial_shops, shop, uniq_erolcha, uniq_harold
D:10:     okawaru_ov_weapons_minmay
Temple:   kb_corrupted_temple
Orc:2:    st_orc_congregation
Ossuary:  ossuary_crypta

Skill      XL: |  1  2  3  4  5  6  7  8  9 10 11 |
---------------+----------------------------------+-----
Fighting       | 4 5 6 8 9 10 | 10.6
Shields        | 4 5 6 7 8 10 | 10.9
Armour         | 4 5 6 7 8 10 | 10.9
Axes           | 3 4 5 6 7 8 10 | 10.9
Dodging        | 1 |  1.0
Invocations    | 2 3 5 6 7 |  7.8
Stealth        | |  0.7

Action                   |  1- 3 |  4- 6 |  7- 9 | 10-12 || total
-------------------------+-------+-------+-------+-------++-------
Melee: War axe           |   102 |   101 |   163 |       ||   366
       Headbutt          |     9 |    18 |    49 |    81 ||   157
       Hand axe          |       |       |    61 |   326 ||   387
  Use: Scroll            |       |       |     6 |     1 ||     7
       Potion            |       |       |       |     1 ||     1
  Eat: Chunk             |     1 |     7 |    10 |     8 ||    26
Armor: Scale mail        |    49 |    44 |    65 |       ||   158
       Plate armour      |       |       |    36 |    63 ||    99
       Ring mail         |       |       |     8 |    77 ||    85
Dodge: Dodged            |    30 |    31 |    57 |    96 ||   214
Block: Shield            |    49 |    59 |   146 |   201 ||   455

Table legend:
 A = Spawn XP
 B = Non-spawn XP
 C = Spawn XP percentage of total XP
 D = Spawn monster count
 E = Non-spawn monster count
 F = Spawn count percentage of total count
 G = Total turns spent on level
                    A         B        C        D         E        F      G
               +---------+---------+-------+---------+---------+-------+---------
         Total |       0 |   19113 |   0.0 |       0 |     356 |   0.0 |  8936
               +---------+---------+-------+---------+---------+-------+---------
           D:1 |       0 |      37 |   0.0 |       0 |      19 |   0.0 |   622
           D:2 |       0 |      51 |   0.0 |       0 |      22 |   0.0 |   556
           D:3 |       0 |     116 |   0.0 |       0 |      15 |   0.0 |  1140
           D:4 |       0 |     367 |   0.0 |       0 |      20 |   0.0 |   730
           D:5 |       0 |    1170 |   0.0 |       0 |      28 |   0.0 |  1310
           D:6 |       0 |     700 |   0.0 |       0 |       6 |   0.0 |   431
           D:7 |       0 |    1368 |   0.0 |       0 |      18 |   0.0 |   719
           D:8 |       0 |    1696 |   0.0 |       0 |      28 |   0.0 |   577
           D:9 |       0 |    6056 |   0.0 |       0 |      76 |   0.0 |   821
          D:10 |       0 |    2132 |   0.0 |       0 |      31 |   0.0 |   831
         Orc:1 |       0 |    3340 |   0.0 |       0 |      36 |   0.0 |   804
         Orc:2 |       0 |    1910 |   0.0 |       0 |      44 |   0.0 |    60
       Ossuary |       0 |     170 |   0.0 |       0 |      13 |   0.0 |   293
               +---------+---------+-------+---------+---------+-------+---------
